 Dungeon Crawl Stone Soup version 0.29.1 (webtiles) character file.

Game seed: 5064335494368578733

75373 themarg the Devastator (level 15, -12/96 HPs)
             Began as a Tengu Conjurer on Sept 12, 2022.
             Was the Champion of Vehumet.
             Killed from afar by a shock serpent (28 damage)
             ... with a bolt of electricity
             ... on level 2 of the Snake Pit on Sept 13, 2022.
             The game lasted 03:08:21 (40515 turns).

themarg the Devastator (Tengu Conjurer)            Turns: 40515, Time: 03:08:21

Health: -12/96     AC:  4    Str: 13    XL:     15   Next: 49%
Magic:  19/30      EV: 19    Int: 32    God:    Vehumet [******]
Gold:   1117       SH:  0    Dex: 10    Spells: 6/34 levels left

rFire   + . .      SeeInvis .   Y - +10 great sword of Cheese {spect, Str+5 Dex-2}
rCold   + . .      Faith    .   (shield currently unavailable)
rNeg    . . .      Spirit   .   X - +2 robe {rC+ rF+}
rPois   +          Reflect  .   M - +0 hat {Stlth+}
rElec   .          Harm     .   (no cloak)
rCorr   .          Rampage  .   (no gloves)
Will    +....                   (boots unavailable)
Stlth   +++.......              G - amulet of magic regeneration
HPRegen 0.26/turn               U - +6 ring of intelligence
MPRegen 0.62/turn               R - ring of poison resistance

@: flying quickly and evasively, studying Ice Magic, quick
A: beak, talons 3, nimble flight
a: Renounce Religion


You were on level 2 of the Snake Pit.
You worshipped Vehumet.
Vehumet was exalted by your worship.
You visited 5 branches of the dungeon, and saw 22 of its levels.
You also visited: Sewer and Bailey.

You collected 2052 gold pieces.
You spent 935 gold pieces at shops.

Inventory:

Hand Weapons
 e - a +3 dagger
 Y - the +10 great sword of Cheese (weapon) {spect, Str+5 Dex-2}
   (You bought it in a shop on level 2 of the Orcish Mines)

   When its wielder attacks, the weapon's spirit leaps out and strikes again.
   The spirit shares a part of any damage it takes with its wielder.
   Str:       It affects your strength (+5).
   Dex:       It affects your dexterity (-2).
Missiles
 D - 9 atropa-tipped darts
 E - 39 poisoned darts
 F - a throwing net
 J - 4 curare-tipped darts
Armour
 M - a +0 hat of stealth (worn)
 X - a +2 robe of resistance (worn)
Magical Staves
 N - a staff of cold
Jewellery
 g - an amulet of regeneration
 B - a +4 ring of evasion
 G - an amulet of magic regeneration (around neck)
 O - a ring of protection from cold
 R - a ring of poison resistance (right hand)
 U - a +6 ring of intelligence (left hand)
 V - a ring of fire
 W - a ring of willpower
Wands
 a - a wand of quicksilver (16)
 l - a wand of flame (57)
 u - a wand of iceblast (14)
 y - a wand of charming (37)
 K - a wand of digging (9)
 T - a wand of mindburst (9)
Scrolls
 c - 2 scrolls of brand weapon
 h - 7 scrolls of enchant armour
 j - 3 scrolls of silence
 k - 2 scrolls of fear
 n - 4 scrolls of blinking
 o - 4 scrolls of vulnerability
 q - 9 scrolls of teleportation
 s - 7 scrolls of fog
 w - 3 scrolls of noise
 C - 2 scrolls of immolation
 L - a scroll of summoning
 P - 3 scrolls of magic mapping
 Q - a scroll of torment
Potions
 b - 3 potions of magic
 d - 3 potions of might
 f - 3 potions of curing
 i - 5 potions of invisibility
 m - 2 potions of haste
 p - a potion of berserk rage {unknown}
 r - 2 potions of ambrosia
 t - 4 potions of degeneration
 v - 2 potions of mutation
 x - 2 potions of cancellation
 z - a potion of experience {unknown}
 A - 4 potions of lignification
 H - 4 potions of heal wounds
 I - a potion of attraction


   Skills:
 - Level 12.0 Fighting
 + Level 3.7 Long Blades
 + Level 12.6 Dodging
 - Level 2.2 Stealth
 - Level 10.0 Spellcasting
 + Level 17.9 Conjurations
 + Level 4.6 Hexes
 - Level 5.0 Summonings
 - Level 2.0 Translocations
 - Level 10.0 Ice Magic
 - Level 10.0 Air Magic


You had 6 spell levels left.
You knew the following spells:

 Your Spells              Type           Power      Damage    Failure   Level
a - Magic Dart            Conj           100%       1d8       0%          1
b - Searing Ray           Conj           100%       2d8       0%          2
c - Fulminant Prism       Conj/Hex       36%        3d18      1%          4
d - Iskenderun's Mystic   Conj/Tloc      68%        2d14      1%          4
e - Mephitic Cloud        Conj/Pois/Air  66%        N/A       1%          3
f - Lightning Bolt        Conj/Air       40%        1d59      1%          5
g - Hailstorm             Conj/Ice       81%        3d16      1%          4
h - Yara's Violent Unrav  Hex/Tmut       15%        3d8       9%          5

Your spell library contained the following spells:

 Spells                   Type           Power      Damage    Failure   Level
 Iron Shot                Conj/Erth      32%        9d7       3%          6
 Shock                    Conj/Air       100%       1d9       0%          1
 Static Discharge         Conj/Air       81%        3-14/arc  0%          2
 Freeze                   Ice            100%       1d11      1%          1
 Sandblast                Erth           32%        2d9       1%          1
 Slow                     Hex            100%       N/A       1%          1
 Blink                    Tloc           56%        N/A       1%          2
 Confusing Touch          Hex            46%        N/A       1%          3
 Dazzling Flash           Conj/Hex       100%       N/A       1%          3
 Frozen Ramparts          Ice            100%       1d16      1%          3
 Stone Arrow              Conj/Erth      100%       3d13      1%          3
 Tukima's Dance           Hex            46%        N/A       1%          3
 Airstrike                Air            34%        2d(5-21)  1%          4
 Sticky Flame             Conj/Fire      65%        2d8       1%          4
 Summon Lightning Spire   Summ/Air       59%        N/A       1%          4
 Freezing Cloud           Conj/Ice/Air   38%        6-21      1%          5
 Conjure Ball Lightning   Conj/Air       40%        3x3d13    1%          6
 Beastly Appendage        Tmut           32%        N/A       3%          1
 Necrotise                Necr           64%        1d7       3%          1
 Passwall                 Tmut/Erth      13%        N/A       4%          2
 Sublimation of Blood     Necr           16%        N/A       4%          2
 Wereblood                Tmut           16%        N/A       4%          2
 Lesser Beckoning         Tloc           28%        N/A       4%          3
 Metabolic Englaciation   Hex/Ice        29%        N/A       4%          5
 Spider Form              Tmut/Pois      16%        N/A       9%          3
 Vampiric Draining        Necr           16%        2d7       9%          3
 Anguish                  Hex/Necr       15%        N/A       12%         4
 Passage of Golubria      Tloc           28%        N/A       13%         4
 Animate Dead             Necr           16%        N/A       30%         4
 Dispel Undead            Necr           16%        3d10      30%         4
 Petrify                  Tmut/Erth      16%        N/A       30%         4
 Manifold Assault         Tloc           28%        N/A       36%         5
 Agony                    Necr           16%        N/A       63%         5
 Statue Form              Tmut/Erth      10%        N/A       99%         6
 Maxwell's Capacitive Co  Air            34%        ∞         58%         8
 Storm Form               Tmut/Air       24%        N/A       97%         7
 Summon Hydra             Summ           24%        N/A       97%         7
 Enfeeble                 Hex            23%        N/A       98%         7
 Haunt                    Necr/Summ      16%        N/A       100%        7
 Infestation              Necr           8%         N/A       100%        8


Dungeon Overview and Level Annotations

Branches:
Dungeon (12/15)            Temple (0/1) D:7            Lair (5/5) D:10
 Shoals (1/4) Lair:3        Snake (2/4) Lair:2        Slime (0/5) Lair:5
    Orc (2/2) D:12            Elf (0/3) Orc:2         Sewer (visited)
 Bailey (visited)

Altars:
Ashenzari
Cheibriados
Fedhas
Gozag
Kikubaaqudgha
Makhleb
Okawaru
Qazlal
Sif Muna
Uskayaw
Vehumet
Wu Jian
Yredelemnul
Zin

Shops:
D:8 =   Orc:2 ([*:   Snake:1 =::(   Snake:2 [

Annotations:
Lair:5 exclusion: door
Shoals:1 Donald


Innate Abilities, Weirdness & Mutations

You have a beak for a mouth.
You have claws for feet.
Your magical nature lets you fly swiftly and evasively.


Message History

The bolt of lightning misses the mana viper.
A shock serpent comes into view.
A salamander comes into view. It is wielding a +0 glaive.
The shock serpent shoots out a bolt of lightning at you!
The bolt of electricity hits you!!
Casting: Lightning Bolt (safe; 1% risk of failure)
Confirm with . or Enter, or press ? or * to list all spells.
You erupt in a blast of force!
The mystic blast hits the mana viper!!
You kill the mana viper!
Vehumet accepts your kill.
You feel your power returning. The shock serpent bites you.
The shock serpent shocks you!
Casting: Iskenderun's Mystic Blast (safe; 1% risk of failure)
Confirm with . or Enter, or press ? or * to list all spells.
You erupt in a blast of force!
The mystic blast hits the shock serpent!!
The shock serpent is heavily wounded.
The shock serpent is knocked back by the mystic blast.
The shock serpent slams into the rock wall!
The shock serpent is heavily wounded.
The shock serpent's electric aura discharges, shocking you!
Casting: Iskenderun's Mystic Blast (safe; 1% risk of failure)
Confirm with . or Enter, or press ? or * to list all spells.
You erupt in a blast of force!
The mystic blast hits the shock serpent!
The shock serpent is severely wounded.
The shock serpent is knocked back by the mystic blast.
The shock serpent slams into the rock wall!
The shock serpent's electric aura discharges, shocking you!
You completely miss the shock serpent. Your kick misses the shock serpent.
Your peck misses the shock serpent.
The shock serpent is severely wounded.
Your +10 great sword of Cheese {spect, Str+5 Dex-2} misses the shock serpent.
The shock serpent bites you!
* * * LOW HITPOINT WARNING * * *
The shock serpent shocks you!
* * * LOW HITPOINT WARNING * * *
The shock serpent shoots out a bolt of lightning at you!
The bolt of electricity hits you!!
You die...

#.#N..#... #..#.#....
....#.... .........
........# .(......#
.S......# .######.#
##...@#.#
#....(SN#########
#.......'.......#
##.......#######'######
#........'...##..)....#
#........###.##.......#
#.#..#........'.).....#
#.#..#.#.######.......#
#.#..#.......##.......#


You could see a salamander, a shock serpent and a friendly +10 great sword of
Cheese {spect, Str+5 Dex-2} (summoned).

Vanquished Creatures
  Rupert (Lair:3)
  Gastronok (Lair:1)
  Frances (D:12)
  The ghost of keekatzer the Grappler, a journeyman TrTm of Ru (Snake:1)
  An orc warlord (Orc:2)
  2 hydras
  2 vault guards (Bailey)
  2 boulder beetles
  A catoblepas (Lair:3)
  4 anacondas
  3 naga warriors (Snake:1)
  A death yak (Lair:2)
  4 orc high priests (Orc:2)
  A naga sharpshooter (Snake:1)
  2 shock serpents
  2 goliath frogs (Lair:5)
  A naga ritualist (Snake:1)
  Pikel (D:8)
  A bog body (Lair:2)
  4 orc knights (Orc:2)
  5 mana vipers
  4 orc sorcerers
  A salamander (Snake:2)
  2 deep elf pyromancers
  An ugly thing (D:12)
  3 elephants (Lair:2)
  3 cyclopes (D:12)
  2 torpor snails (Lair:5)
  13 black mambas
  A gargoyle (D:12)
  4 naga magi (Snake:1)
  23 cane toads
  4 rime drakes
  Psyche (D:8)
  2 ice devils (Lair:2)
  An unseen horror (D:12)
  2 kobold demonologists (D:11)
  5 komodo dragons
  8 trolls
  4 polar bears
  Grinder (D:4)
  2 tyrant leeches (Lair:5)
  Prince Ribbit (Bailey)
  4 slime creatures (D:12)
  8 blink frogs
  2 centaur simulacra (D:12)
  Eustachio (D:5)
  A shadow (D:11)
  37 yaks
  A dire elephant simulacrum (Lair:2)
  3 humans (Bailey)
  A wraith (D:12)
  2 wyverns
  5 vampire mosquitoes (Lair:5)
  5 basilisks
  Menkaure (D:7)
  A warg (D:12)
  8 nagas
  20 water moccasins
  2 acid dragons (D:11)
  37 orc warriors
  2 ice beasts (D:12)
  6 ogres
  6 black bears
  10 wolves
  5 centaurs
  A lemure (D:8)
  A phantom (D:5)
  4 kobold brigands
  27 bullfrogs
  8 necrophages
  2 gnoll sergeants
  4 scorpions
  10 wights
  4 killer bees (D:9)
  An electric eel (Lair:5)
  9 howler monkeys
  8 jellies
  A quasit (Sewer)
  15 orc priests
  4 hounds
  Ijyb (D:4)
  2 iguanas
  33 orc wizards
  A troll simulacrum (Lair:2)
  A wolf simulacrum (Lair:2)
  A spriggan simulacrum (Lair:2)
  Robin (D:2)
  11 adders
  12 gnolls
  2 river rats (D:6)
  4 shadow imps
  8 white imps
  10 ufetubi
  4 worms
  3 dart slugs
  86 orcs
  6 ball pythons
  9 endoplasms
  5 giant cockroaches
  18 goblins
  8 hobgoblins
  4 jackals
  41 kobolds
  5 quokkas
  9 bats
  6 frilled lizards
  10 rats
697 creatures vanquished.

Vanquished Creatures (others)
  42 fulminant prisms
  36 fungi
  157 plants
  2 withered plants (Snake:1)
237 creatures vanquished.

Grand Total: 934 creatures vanquished

Notes
Turn   | Place    | Note
-------+----------+-------------------------------------------
     0 | D:1      | themarg the Tengu Conjurer began the quest for the Orb.
     0 | D:1      | Reached XP level 1. HP: 10/10 MP: 4/4
   215 | D:1      | Reached XP level 2. HP: 15/15 MP: 0/6
   275 | D:1      | Learned a level 2 spell: Searing Ray
   813 | D:2      | Reached XP level 3. HP: 19/19 MP: 4/7
   991 | D:2      | Reached skill level 6 in Conjurations
  1100 | D:2      | Noticed Robin
  1118 | D:2      | Killed Robin
  1186 | D:2      | Reached XP level 4. HP: 24/24 MP: 7/9
  1738 | D:2      | Found a faded altar of an unknown god.
  2341 | D:3      | Gained mutation: Your magical nature lets you fly swiftly
                  | and evasively. [Tengu growth]
  2341 | D:3      | Reached XP level 5. HP: 28/28 MP: 8/11
  2569 | D:3      | Found an ancient bone altar of Kikubaaqudgha.
  2595 | D:3      | Found a radiant altar of Vehumet.
  2596 | D:3      | Found a shimmering blue altar of Sif Muna.
  2603 | D:3      | Became a worshipper of Vehumet
  2662 | D:3      | Reached skill level 7 in Conjurations
  3658 | D:3      | Reached * piety under Vehumet
  3658 | D:3      | Offered knowledge of Sandblast by Vehumet.
  3885 | D:4      | Found an opulent altar of Gozag.
  3899 | D:4      | Noticed a centaur
  3983 | D:4      | Found an ornate altar of the Wu Jian Council.
  3991 | D:4      | Reached XP level 6. HP: 31/32 MP: 4/13
  4136 | D:4      | Noticed Grinder
  4151 | D:4      | Killed Grinder
  4152 | D:4      | Reached skill level 8 in Conjurations
  4152 | D:4      | Reached XP level 7. HP: 22/36 MP: 6/15
  4367 | D:4      | Reached skill level 5 in Spellcasting
  4455 | D:4      | Found a basalt altar of Yredelemnul.
  4748 | D:4      | Reached skill level 9 in Conjurations
  4818 | D:4      | Found a broken altar of Ashenzari.
  5345 | D:4      | Reached skill level 10 in Conjurations
  5465 | D:4      | Reached skill level 1 in Hexes
  5465 | D:4      | Reached skill level 1 in Translocations
  5465 | D:4      | Reached XP level 8. HP: 37/41 MP: 10/16
  5521 | D:4      | Noticed Ijyb
  5677 | D:4      | Killed Ijyb
  5931 | D:5      | Entered Level 5 of the Dungeon
  6065 | D:5      | Reached ** piety under Vehumet
  6065 | D:5      | Offered knowledge of Shock by Vehumet.
  6156 | D:5      | Reached skill level 1 in Fighting
  6519 | D:5      | Noticed Eustachio
  6536 | D:5      | Killed Eustachio
  6642 | D:5      | Found a hide-covered altar of Uskayaw.
  6981 | D:6      | Reached skill level 5 in Dodging
  7106 | D:6      | Found a glowing drain.
  7117 | Sewer    | Entered a sewer
  7214 | Sewer    | Reached XP level 9. HP: 51/52 MP: 13/17
  7221 | Sewer    | Learned a level 4 spell: Iskenderun's Mystic Blast
  7227 | Sewer    | Learned a level 4 spell: Fulminant Prism
  7338 | Sewer    | Found a burning altar of Makhleb.
  7343 | Sewer    | Offered knowledge of Mephitic Cloud by Vehumet.
  7499 | Sewer    | Learned a level 3 spell: Mephitic Cloud
  7730 | Sewer    | Reached *** piety under Vehumet
  7731 | Sewer    | Reached skill level 5 in Fighting
  7744 | Sewer    | Reached skill level 1 in Air Magic
  8287 | D:6      | Found an iron altar of Okawaru.
  8352 | D:6      | Found a stormy altar of Qazlal.
  8679 | D:6      | Found a snail-covered altar of Cheibriados.
  8890 | D:7      | Offered knowledge of Inner Flame by Vehumet.
  9156 | D:7      | Noticed Menkaure
  9165 | D:7      | Killed Menkaure
  9598 | D:7      | Found a staircase to the Ecumenical Temple.
  9944 | D:7      | Reached skill level 11 in Conjurations
  9951 | D:7      | Reached skill level 5 in Air Magic
 10851 | D:8      | Reached XP level 10. HP: 53/59 MP: 12/20
 11079 | D:8      | Reached **** piety under Vehumet
 11439 | D:8      | Offered knowledge of Lightning Bolt by Vehumet.
 11446 | D:8      | Learned a level 5 spell: Lightning Bolt
 11523 | D:8      | Reached skill level 12 in Conjurations
 11765 | D:8      | Noticed Pikel
 11767 | D:8      | Killed Pikel
 11922 | D:8      | Found Miafriy's Jewellery Shop.
 12010 | D:8      | Found a glowing silver altar of Zin.
 12029 | D:8      | You are sucked into a shaft and drop 2 floors!
 12029 | D:10     | Entered Level 10 of the Dungeon
 12509 | D:8      | Noticed Psyche
 12521 | D:8      | Killed Psyche
 12740 | D:9      | Found a flagged portal.
 12749 | Bailey   | Entered a bailey
 12927 | Bailey   | Noticed Prince Ribbit
 12931 | Bailey   | Reached XP level 11. HP: 68/68 MP: 10/22
 12931 | Bailey   | Killed Prince Ribbit
 12936 | Bailey   | Reached skill level 13 in Conjurations
 13083 | Bailey   | Noticed a vault guard
 13088 | Bailey   | Killed a vault guard
 13090 | Bailey   | Noticed a vault guard
 13183 | Bailey   | Killed a vault guard
 13807 | D:8      | Noticed a deep elf pyromancer
 13811 | D:8      | Killed a deep elf pyromancer
 14023 | D:8      | Found a burning altar of Makhleb.
 14023 | D:8      | Noticed a green death
 14385 | D:9      | Reached skill level 14 in Conjurations
 16405 | D:10     | Found a blossoming altar of Fedhas.
 16413 | D:10     | Reached ***** piety under Vehumet
 16414 | D:10     | Offered knowledge of Eringya's Noxious Bog by Vehumet.
 16633 | D:10     | Found a staircase to the Lair.
 16723 | D:10     | Learned a level 4 spell: Hailstorm
 16724 | Lair:1   | Entered Level 1 of the Lair of Beasts
 17035 | Lair:1   | Reached XP level 12. HP: 61/77 MP: 13/24
 17610 | Lair:1   | Reached skill level 10 in Fighting
 17964 | Lair:1   | Noticed Gastronok
 18040 | Lair:1   | Killed Gastronok
 18041 | Lair:1   | Reached skill level 15 in Conjurations
 18511 | Lair:2   | Reached skill level 1 in Summonings
 19506 | Lair:2   | Found a staircase to the Snake Pit.
 20134 | Lair:2   | Reached skill level 5 in Summonings
 20353 | Lair:2   | Reached skill level 10 in Spellcasting
 20375 | Lair:2   | Noticed a death yak
 20750 | Lair:2   | Got the Compendium of Bolts
 20939 | Lair:2   | Reached skill level 1 in Ice Magic
 21366 | Lair:2   | Killed a death yak
 21367 | Lair:2   | Reached XP level 13. HP: 83/83 MP: 7/28
 21734 | Lair:3   | Found a staircase to the Shoals.
 22908 | Lair:3   | Noticed Rupert
 23609 | Lair:3   | Killed Rupert
 23610 | Lair:3   | Reached skill level 5 in Ice Magic
 23610 | Lair:3   | Reached skill level 10 in Air Magic
 26000 | D:11     | Found a hide-covered altar of Uskayaw.
 26734 | D:11     | Offered knowledge of Ozocubu's Refrigeration by Vehumet.
 27679 | Lair:5   | Entered Level 5 of the Lair of Beasts
 28143 | Lair:5   | Identified the +8 falchion of Psychosis {drain, *Corrode
                  | rPois rC- Dex+9}
 28179 | Lair:5   | Reached XP level 14. HP: 92/92 MP: 2/29
 28594 | Lair:5   | Reached skill level 10 in Dodging
 29637 | Lair:5   | Reached skill level 16 in Conjurations
 29782 | Lair:5   | Identified the +1 scale mail "Fosoece Ahee" {Harm}
 30228 | Lair:5   | Found a staircase to the Slime Pits.
 31526 | D:12     | Noticed Frances
 31827 | D:12     | Found a staircase to the Orcish Mines.
 32241 | D:12     | Killed Frances
 32864 | Orc:1    | Entered Level 1 of the Orcish Mines
 33192 | Orc:2    | Entered Level 2 of the Orcish Mines
 33213 | Orc:1    | Learned a level 5 spell: Yara's Violent Unravelling
 34344 | Orc:2    | Offered knowledge of Iron Shot by Vehumet.
 34412 | Orc:2    | Found a staircase to the Elven Halls.
 34703 | Orc:2    | Reached skill level 10 in Ice Magic
 35240 | Orc:2    | Reached skill level 17 in Conjurations
 35867 | Orc:2    | Noticed an orc warlord
 36119 | Orc:2    | Killed an orc warlord
 36120 | Orc:2    | Reached XP level 15. HP: 96/96 MP: 10/30
 36473 | Orc:2    | Found Neumnen's General Store.
 36474 | Orc:2    | Found Weniphih's Book Shop.
 36476 | Orc:2    | Found Vegom's Antique Armour Boutique.
 36476 | Orc:2    | Found Utecs's Antique Weapon Boutique.
 36523 | Orc:2    | Bought a runed robe for 96 gold pieces
 36524 | Orc:2    | Bought a masterwork great sword for 299 gold pieces
 36524 | Orc:2    | Identified the +10 great sword of Cheese {spect, Str+5
                  | Dex-2} (You bought it in a shop on level 2 of the Orcish
                  | Mines)
 37119 | Shoals:1 | Entered Level 1 of the Shoals
 37119 | Shoals:1 | Noticed Donald
 37167 | Snake:1  | Entered Level 1 of the Snake Pit
 37443 | Snake:1  | Reached skill level 1 in Long Blades
 37533 | Snake:1  | Found Pyekladd's Jewellery Shop.
 37534 | Snake:1  | Found Muoxeir's Book Emporium.
 37534 | Snake:1  | Found Jureok's Book Emporium.
 37542 | Snake:1  | Bought an amulet of magic regeneration for 540 gold pieces
 37622 | Snake:1  | Found Ruwkiw's Weapon Boutique.
 38694 | Snake:1  | HP: 3/96 [constriction (6)]
 38695 | Snake:1  | Reached ****** piety under Vehumet
 39091 | Snake:1  | Found a runed translucent door.
 39091 | Snake:1  | Noticed keekatzer's ghost (journeyman TrTm)
 39484 | Snake:1  | Killed keekatzer's ghost
 40502 | Snake:2  | Found Itamicua's Armour Shop.
 40515 | Snake:2  | Killed from afar by a shock serpent

Illustrated notes

Levels and vault maps discovered:
D:1:      lemuel_arrival_hallway, layout_basic, serial_rivers,
          chequers_serial_rivers_micro_c, chequers_serial_rivers_room_a,
          chequers_serial_rivers_marsh, chequers_serial_rivers_micro_a,
          chequers_serial_rivers_small_b
D:2:      wander_river, layout_rooms, serial_curves, eino_curves_01,
          eino_curves_03, shapermc_ecumenical_altar_notcrosses,
          chequers_serial_rivers_room_a, guppyfry_early_orc_mine, uniq_robin
D:3:      layout_loops_corners, grunt_temple_overflow_magic_moments,
          minmay_misc_feat_doors, lexackson_kobold_supper
D:4:      layout_loops_corners, general_overflow_altar,
          nicolae_gozag_seed_capital, mainiacjoe_overflow_concentric_impassable,
          mainiacjoe_overflow_surrounded_room, serial_aquarium,
          aquarium_bridge_island_small [aquarium_subvault_small_water,
          aquarium_subvault_window, aquarium_subvault_bridge,
          aquarium_subvault_window, aquarium_subvault_wall],
          aquarium_bridge_square [aquarium_subvault_wall,
          aquarium_subvault_wall, aquarium_subvault_window,
          aquarium_subvault_bridge], aquarium_window_1, aquarium_window_corner,
          aquarium_window_2, aquarium_view_2b, aquarium_pool_1, uniq_ijyb,
          uniq_grinder
D:5:      layout_cave_pods, kennysheep_little_box, uniq_eustachio
D:6:      layout_basic, lemuel_coloured_pillars_altar,
          mainiacjoe_overflow_catwalk, nicolae_overflow_crystal_walls,
          lightli_sewer_entry_pipes
D:7:      layout_gridville, temple_fountains, st_stairs_7, uniq_menkaure
D:8:      layout_loops_corners, zin_statuary, makhleb_altar_promises_db,
          serial_shops, nicolae_stop_n_shop_1, guppyfry_early_elven_hall,
          uniq_psyche, uniq_pikel
D:9:      layout_layer_cave, enter_bailey_6, grunt_decor_fettered,
          grunt_decor_mini_mirrors
D:10:     layout_rooms, lemuel_round_altar, david_lair_shrubbed
D:11:     layout_grid_maze, eat_drink_and_be_merry_uskayaw
D:12:     layout_roguey, david_orc_1_choice, serial_ice, serial_ice_c,
          serial_ice_i, serial_ice_o, serial_ice_h, uniq_frances
Lair:1:   layout_regular_city, chequers_serial_rivers_micro_d, minmay_holes,
          serial_bayou_shore_b, serial_bayou_shore_b, uniq_gastronok
Lair:2:   dreamdust_isle_of_ice, layout_cave_pods,
          minmay_snake_entry_six_corridors, beast_lair_carwin_5
Lair:3:   layout_regular_city, shoals_dummy_entry, roderic_carrion_pond,
          uniq_rupert
Lair:4:   layout_cave_pods
Lair:5:   minmay_lair_end_frog_pond, layout_long_grid,
          dpeg_slime_entry_enclosed, infiniplex_staircase_pool_2
Shoals:1: layout_shoals, uniq_aizul, uniq_donald
Snake:1:  layout_gridlike, gammafunk_ghost_grave, serial_shops,
          nicolae_shop_behind_doors, nicolae_integral_box, lemuel_fruit_tree,
          serial_bayou_shore_b, minmay_shop_grove
Snake:2:  layout_basic, serial_shops, nicolae_diamond_shop, serial_bayou_shore_b
Orc:1:    layout_caves
Orc:2:    st_orc_congregation, layout_diamond_mine

Skill      XL: |  1  2  3  4  5  6  7  8  9 10 11 12 13 14 15 |
---------------+----------------------------------------------+-----
Conjurations   | 6 7 8 10 11 12 14 15 17 | 17.9
Spellcasting   | 3 4 5 6 7 10 | 10.0
Hexes          | 1 2 3 4 |  4.6
Translocations | 1 2 |  2.0
Fighting       | 4 5 7 9 10 12 | 12.0
Dodging        | 5 6 7 9 11 12 | 12.6
Air Magic      | 5 8 9 10 | 10.0
Summonings     | 5 |  5.0
Ice Magic      | 3 6 10 | 10.0
Long Blades    | 3 |  3.7
Stealth        | |  2.2

Action                   |  1- 3 |  4- 6 |  7- 9 | 10-12 | 13-15 || total
-------------------------+-------+-------+-------+-------+-------++-------
Melee: Dagger            |       |       |     6 |    23 |    89 ||   118
       Kick              |       |       |     2 |     8 |    47 ||    57
       Peck              |       |       |     1 |     6 |    31 ||    38
       Punch             |       |       |       |     1 |     3 ||     4
       Great sword       |       |       |       |       |    21 ||    21
 Cast: Magic Dart        |    48 |    88 |   130 |    82 |   134 ||   482
       Searing Ray       |     5 |    18 |    66 |    33 |    20 ||   142
       Iskenderun's Myst |       |       |    15 |    94 |   294 ||   403
       Fulminant Prism   |       |       |    15 |    14 |    13 ||    42
       Mephitic Cloud    |       |       |     3 |    43 |    90 ||   136
       Lightning Bolt    |       |       |       |    96 |   160 ||   256
       Hailstorm         |       |       |       |     7 |    28 ||    35
       Yara's Violent Un |       |       |       |       |     7 ||     7
Evoke: Wand              |       |       |       |     4 |     1 ||     5
  Use: Scroll            |       |     4 |     5 |     2 |    15 ||    26
       Potion            |       |     1 |     1 |     2 |     9 ||    13
 Stab: Confused          |       |       |       |       |     7 ||     7
Armor: Robe              |       |     3 |     4 |     8 |    19 ||    34
Dodge: Dodged            |       |    12 |    70 |   102 |   328 ||   512
